AoeStats
← | ArCas | Toruk Makto

Arena

509489034Analyzed
4v4 RM · 4d ago on Sep 26, 2026· 41m 48s· 8 players
Game mode
Random Map
Map size
Large (8 player)
Population
200
Speed
Normal
Resources
Standard
Victory
Conquest
Starting age
Dark Age
Ending age
Imperial Age
RankedLock teamsTeams togetherTeam positionsShared explorationLock speedFull tech treeHidden civsTurbo modeCheats
Victory
Defeat
🇺🇸 Byzantines · United States
1356
+15
🇺🇸 Wu · United States
1309
+17
🇺🇸 Inca · United States
1248
+20
🇨🇴 Khmer · Colombia
1211
+21
🇦🇷 Aztecs · Argentina
1451
-23
🇻🇳 Maya · Vietnam
1357
-19
🇦🇷 Georgians · Argentina
1328
-18
🇪🇸 Turks · Spain
1202
-29
Rhythm_
11:35 Feudal Age
15:19 Castle Age
13:36 Double-Bit Axe
13:42 Horse Collar
16:16 Bow Saw
20:36 Wheelbarrow
21:26 Heavy Plow
23:05 Stone Mining
23:09 Gold Mining
25:27 Stone Shaft Mining
26:04 Hand Cart
25:36 Loom
27:56 Gold Shaft Mining
27:21 Fletching
30:18 Imperial Age
28:11 Fletching
28:22 Padded Archer Armor
28:53 Bodkin Arrow
29:20 Ballistics
28:43 Treadmill Crane
29:24 Ballistics
29:36 Masonry
29:46 Leather Archer Armor
30:23 Town Watch
30:24 Elite Fire Archer
31:09 Red Cliffs Tactics
31:35 Conscription
31:23 Sitting Tiger
31:26 Bracer
32:29 Chemistry
32:06 Man-at-Arms
32:46 Squires
32:32 Arson
33:38 Town Patrol
35:14 Scale Mail Armor
35:24 Forging
34:37 Long Swordsman
35:08 Two-Handed Swordsman
36:20 Chain Mail Armor
35:55 Champion
37:46 Iron Casting
Sun Tzu
11:02 Feudal Age
15:36 Castle Age
14:45 Double-Bit Axe
14:40 Horse Collar
15:56 Scale Mail Armor
16:28 Forging
16:32 Loom
17:31 Squires
21:26 Chain Mail Armor
22:22 Heavy Plow
23:59 Iron Casting
25:05 Bow Saw
26:44 Fletching
26:54 Padded Archer Armor
27:35 Bodkin Arrow
29:08 Wheelbarrow
30:33 Thumb Ring
30:51 Town Watch
32:06 Fortified Wall
35:37 Imperial Age
33:33 Leather Archer Armor
33:40 Ballistics
36:40 Hand Cart
37:10 Bracer
[MLTS] RKotzen
10:34 Feudal Age
13:35 Castle Age
11:50 Double-Bit Axe
12:10 Horse Collar
14:34 Bow Saw
14:26 Heavy Plow
17:25 Fervor
23:56 Wheelbarrow
23:14 Gold Mining
23:20 Stone Mining
24:31 Loom
27:17 Imperial Age
25:47 Stone Shaft Mining
25:48 Gold Shaft Mining
26:44 Hand Cart
26:48 Husbandry
26:58 Bloodlines
27:41 Scale Barding Armor
27:47 Forging
28:46 Chain Barding Armor
28:37 Elite Battle Elephant
29:54 Iron Casting
32:10 Plate Barding Armor
32:39 Blast Furnace
35:25 Crop Rotation
35:35 Coinage
35:43 Town Watch
36:52 Tusk Swords
37:07 Devotion
37:40 Conscription
38:58 Caravan
39:29 Banking
bkg45
11:03 Feudal Age
12:29 Double-Bit Axe
15:03 Castle Age
13:10 Horse Collar
16:00 Bow Saw
15:51 Heavy Plow
22:48 Loom
23:03 Gold Mining
24:15 Wheelbarrow
27:24 Imperial Age
25:26 Stone Mining
26:12 Gold Shaft Mining
27:10 Hand Cart
27:23 Fletching
28:13 Bodkin Arrow
28:38 Scale Barding Armor
28:44 Forging
30:10 Ballistics
30:50 Chemistry
30:27 Elite Cataphract
31:28 Conscription
31:40 Chain Barding Armor
31:55 Iron Casting
32:18 Logistica
33:08 Bracer
34:53 Two-Man Saw
35:05 Plate Barding Armor
35:12 Stone Shaft Mining
37:30 Hoardings
39:11 Husbandry
Erebor.
10:50 Feudal Age
14:50 Castle Age
14:03 Double-Bit Axe
13:58 Horse Collar
14:07 Horse Collar
15:49 Bow Saw
24:24 Wheelbarrow
23:40 Town Watch
24:45 Scale Mail Armor
24:40 Loom
24:54 Gold Mining
28:49 Imperial Age
26:42 Squires
26:03 Pikeman
26:33 Arson
26:45 Stone Mining
27:17 Chain Mail Armor
26:38 Eagle Warrior
28:29 Heavy Plow
28:50 Hand Cart
29:27 Forging
30:29 Plate Mail Armor
30:38 Conscription
31:02 Iron Casting
30:43 Elite Eagle Warrior
33:07 Blast Furnace
35:02 Garland Wars
39:51 Fletching
40:50 Bodkin Arrow
DGHIR | Conqueror
5:03 Loom
9:48 Feudal Age
12:45 Town Watch
18:29 Castle Age
16:28 Horse Collar
17:08 Double-Bit Axe
19:06 Forging
19:00 Scale Mail Armor
22:15 Chain Mail Armor
22:06 Squires
22:18 Heavy Plow
23:50 Padded Archer Armor
25:05 Bow Saw
25:46 Iron Casting
26:49 Wheelbarrow
26:56 Gold Mining
27:37 Ballistics
33:37 Imperial Age
32:44 Sipahi
32:29 Fletching
33:56 Hand Cart
35:05 Masonry
35:14 Town Patrol
36:16 Elite Janissary
40:09 Architecture
41:02 Conscription
40:09 Heavy Scorpion
| ArCas | Toruk Makto
11:26 Feudal Age
15:13 Castle Age
13:36 Double-Bit Axe
13:34 Horse Collar
15:01 Loom
24:19 Wheelbarrow
25:28 Town Watch
26:09 Forging
30:00 Imperial Age
28:39 Iron Casting
30:01 Scale Barding Armor
31:02 Masonry
31:42 Conscription
32:35 Ballistics
33:16 Chemistry
33:42 Blast Furnace
33:03 Chain Barding Armor
33:45 Hand Cart
33:31 Town Patrol
32:57 Pikeman
33:37 Squires
34:06 Scale Mail Armor
34:10 Gold Mining
34:31 Bow Saw
34:25 Halberdier
35:48 Fletching
36:35 Plate Barding Armor
37:22 Chain Mail Armor
38:11 Arson
39:46 Plate Mail Armor
39:06 Fletching
39:32 Heavy Plow
bina
0:27 Loom
10:52 Feudal Age
15:17 Castle Age
14:06 Double-Bit Axe
14:02 Horse Collar
14:23 Gold Mining
15:29 Fletching
17:57 Bow Saw
17:56 Fletching
19:50 Sanctity
22:19 Town Watch
23:43 Heavy Plow
24:20 Wheelbarrow
24:58 Bodkin Arrow
27:17 Ballistics
29:54 Imperial Age
30:07 Fervor
30:27 Padded Archer Armor
31:45 Chemistry
30:47 Bracer
32:00 Leather Archer Armor
32:18 Hand Cart
33:11 Two-Man Saw
33:13 Conscription
33:26 Ring Archer Armor
33:58 Scale Mail Armor
34:10 Forging
34:08 Squires
33:30 Pikeman
33:35 Elite Plumed Archer
34:21 Arson
34:33 Halberdier
36:08 Chain Mail Armor
36:28 Iron Casting
35:53 Stone Mining
36:21 Hand Cart
38:46 Masonry
38:17 Treadmill Crane
39:26 Thumb Ring
Connection lost

Rejoining the realm…

Still unreachable

The connection could not be restored.

Session expired

The server has moved on; the page needs a fresh start.